 Dungeon Crawl Stone Soup version 0.17-a0-1582-ge6b0260 (webtiles) character file.

3354 Chiseanne the Thaumaturge (level 9, -1/66 HPs)
             Began as a Demonspawn Wanderer on July 28, 2015.
             Was a Priest of Vehumet.
             Slain by a gargoyle
             ... wielding a +0 mace
              (21 damage)
             ... on level 8 of the Dungeon.
             The game lasted 00:33:46 (10137 turns).

Chiseanne the Thaumaturge (Demonspawn Wanderer)    Turns: 10137, Time: 00:33:46

Health: -1/66      AC: 12    Str: 14    XL:     9   Next: 73%
Magic:  10/30      EV: 19    Int: 13    God:    Vehumet [***...]
Gold:   396        SH:  6    Dex: 20    Spells: 3 memorised, 18 levels left

rFire  + . .     SeeInvis .     a - +2 whip (drain)
rCold  + . .     Clarity  .     v - +2 robe {rC+}
rNeg   . . .     SustAt   .     A - +0 buckler
rPois  +         Gourm    .     J - +1 helmet
rElec  .         Spirit   .     i - +2 cloak {+Inv}
rCorr  .         Warding  .     b - +0 pair of gloves
rMut   .         Stasis   .     w - +0 pair of boots
MR     .....                    (no amulet)
Stlth  +++.......               t - ring of magical power
                                m - ring of wizardry

@: agile, not resistant to hostile enchantments, fairly stealthy
A: claws 1, hooves 2, fire resistance 1, poison resistance
a: Renounce Religion, Evoke Invisibility


You were on level 8 of the Dungeon.
You worshipped Vehumet.
Vehumet was most pleased with you.
You were not hungry.

You visited 2 branches of the dungeon, and saw 9 of its levels.

You collected 522 gold pieces.
You spent 126 gold pieces at shops.

Inventory:

Hand weapons
 a - a +2 whip of draining (weapon)
 d - a +2 flail of venom
 e - a +0 hand crossbow
 s - a +1 whip of flaming
Missiles
 l - 90 sling bullets
 n - 3 throwing nets (quivered)
 y - 18 poisoned needles
 D - 8 tomahawks
 E - 43 bolts
Armour
 b - a +0 pair of gloves (worn)
 i - a +2 cloak of invisibility (worn)
 j - a +0 troll leather armour
 v - a +2 robe of cold resistance (worn)
 w - a +0 pair of boots (worn)
 A - a +0 buckler (worn)
 J - a +1 helmet (worn)
Jewellery
 m - a ring of wizardry (left hand)
 t - a ring of magical power (right hand)
Magical devices
 h - a wand of fireball (1)
 x - a wand of disintegration (9)
Scrolls
 f - 4 scrolls of teleportation
 C - a scroll of remove curse
 G - a scroll of recharging
 H - 4 scrolls of magic mapping
 K - a scroll of immolation
Potions
 q - 7 potions of brilliance
 r - a potion of curing
 u - a potion of cancellation
 z - a potion of ambrosia
 B - a potion of magic
 F - 2 potions of cure mutation
 I - 2 potions of might
 L - a potion of haste
 M - a potion of heal wounds
 N - a potion of invisibility {unknown}
Books
 P - a book of the Tempests

   Spells                             Type                      Level
   a - Static Discharge               Conjuration/Air              3
   b - Lightning Bolt                 Conjuration/Air              5
   c - Fireball                       Conjuration/Fire             5
   d - Tornado                        Air                          9
   e - Shatter                        Earth                        9
Comestibles
 g - 8 bread rations
 k - 4 meat rations
 O - 10 royal jellies


   Skills:
 - Level 4.4 Fighting
   Level 1.0 Bows
 - Level 1.0 Crossbows
 - Level 2.1 Throwing
 - Level 4.6 Armour
 - Level 2.7 Dodging
 - Level 1.0 Stealth
 - Level 4.4 Shields
 * Level 8.4 Spellcasting
 + Level 5.1 Conjurations
 - Level 2.5 Evocations


You had 18 spell levels left.
You knew the following spells:

 Your Spells              Type           Power        Failure   Level  Hunger
a - Shock                 Conj/Air       ##..         1%          1    None
b - Searing Ray           Conj           ###...       1%          2    None
c - Mephitic Cloud        Conj/Pois/Air  #.......     2%          3    ##.....


Dungeon Overview and Level Annotations

Branches:
Dungeon (8/15)             Temple (1/1) D:5            Lair (0/8) D:8

Altars:
Ashenzari
Cheibriados
Dithmenos
Elyvilon
Fedhas
Gozag
Kikubaaqudgha
Makhleb
Nemelex Xobeh
Okawaru
Qazlal
Ru
Sif Muna
Trog
Vehumet
Xom
Yredelemnul
Zin
The Shining One

Shops:
D:7 [   D:8 (


Innate Abilities, Weirdness & Mutations

You have hoof-like feet.
Your flesh is heat resistant.
You have sharp fingernails.
Your system is resistant to poisons.


Message History

You feel agile all of a sudden. The gargoyle misses you.
Casting: Searing Ray
Confirm with . or Enter, or press ? or * to list all spells.
Aiming: Searing Ray
Press: ? - help, Shift-Dir - straight line, f/p - gargoyle
Aim: a gargoyle, wielding a mace (severely damaged)
The searing ray hits the gargoyle.
The gargoyle is severely damaged.
The gargoyle hits you with a mace!
* * * LOW HITPOINT WARNING * * *
The searing ray hits the gargoyle.
The gargoyle is severely damaged.
You block the gargoyle's attack.
The searing ray hits the gargoyle.
The gargoyle is severely damaged.
The gargoyle hits you but does no damage.
The searing ray misses the gargoyle.
The gargoyle hits you with a mace!!
You die...

#.# ##..##..#..####. ####.#
#..#..####.# #. #.####
#....## #..###. ##..###
#...## ##..#..
##....#####...# ###.###.#
#.###....##..####....#..#
### #........##.....###.#
##............####...
#..@9.........##..##
##...###..≈.≈.≈...##
##....# ##≈##'##≈..#
##.....######...##..#
#..##...##.##.#.##..##
##.#........##...##...##
####...........###'###.....
#.#.......####.# #.###...).
##.......## ########......


You could see a gargoyle.

Vanquished Creatures
  A fire drake (D:8)
  A two-headed ogre (D:8)
  Grinder (D:6)
  Sigmund (D:2)
  2 hungry ghosts
  A water moccasin (D:8)
  An orc warrior (D:6)
  2 phantoms
  2 sky beasts
  2 centaurs
  An ogre (D:4)
  2 giant frogs (D:7)
  A wyvern skeleton (D:6)
  3 crimson imps
  3 hounds
  4 jellies
  A quasit (D:8)
  A giant frog skeleton (D:6)
  7 orc wizards
  Crazy Yiuf (D:2)
  An orc priest (D:6)
  2 centaur skeletons
  Jessica (D:2)
  7 worker ants
  Natasha (thrice) (D:4)
  2 iguanas
  3 hound zombies
  A mummy (D:5)
  3 gnolls (D:1)
  4 shadow imps
  9 adders
  7 oozes
  An adder zombie (D:6)
  2 adder skeletons (D:8)
  4 worms
  5 giant geckos
  9 orcs
  A bat skeleton (D:5)
  A bat zombie (D:6)
  10 goblins
  14 hobgoblins
  3 quokkas
  2 ball pythons
  17 bats
  6 giant cockroaches
  3 giant newts
  A hobgoblin zombie (D:5)
  9 jackals
  10 kobolds
  A kobold zombie (D:5)
  2 orc zombies (D:5)
  A quokka skeleton (D:6)
  5 rats
188 creatures vanquished.

Vanquished Creatures (others)
  A rat (D:6)
1 creature vanquished.

Grand Total: 189 creatures vanquished

Notes
Turn   | Place    | Note
--------------------------------------------------------------
     0 | D:1      | Chiseanne the Demonspawn Wanderer began the quest for the Orb.
     0 | D:1      | Chiseanne set off with: a +2 shortbow, 24 arrows, a +0 hand crossbow, 21 bolts, a potion of curing, a +0 robe, a bread ration
     0 | D:1      | Reached XP level 1. HP: 16/16 MP: 1/1
   383 | D:1      | Gained mutation: You have large cloven feet. [demonic ancestry]
   383 | D:1      | Reached XP level 2. HP: 22/22 MP: 2/2
   510 | D:1      | Reached skill level 1 in Dodging
   641 | D:2      | Noticed Sigmund
   662 | D:1      | Reached skill level 1 in Throwing
   666 | D:1      | Gained mutation: You have hoof-like feet. [demonic ancestry]
   666 | D:1      | Reached XP level 3. HP: 10/28 MP: 3/3
  1012 | D:2      | Killed Sigmund
  1012 | D:2      | Reached skill level 4 in Armour
  1012 | D:2      | Reached XP level 4. HP: 37/37 MP: 4/4
  1012 | D:2      | Reached XP level 5. HP: 42/42 MP: 5/5
  1198 | D:2      | Noticed Jessica
  1205 | D:2      | Killed Jessica
  1535 | D:2      | Noticed Crazy Yiuf
  1542 | D:2      | Killed Crazy Yiuf
  1542 | D:2      | Gained mutation: Your flesh is heat resistant. [demonic ancestry]
  1542 | D:2      | Reached XP level 6. HP: 35/48 MP: 6/6
  2616 | D:4      | Noticed Natasha
  2624 | D:4      | Killed Natasha
  2657 | D:4      | Noticed Natasha
  2670 | D:4      | Killed Natasha
  3047 | D:4      | Reached skill level 1 in Shields
  3547 | D:4      | Noticed Natasha
  3555 | D:4      | Killed Natasha
  3585 | D:4      | Reached XP level 7. HP: 35/55 MP: 8/8
  3913 | D:5      | Entered Level 5 of the Dungeon
  4029 | D:5      | Found a staircase to the Ecumenical Temple.
  4035 | Temple   | Entered the Ecumenical Temple
  4138 | Temple   | Became a worshipper of Vehumet
  4235 | D:5      | Reached skill level 1 in Spellcasting
  5062 | D:5      | Gained mutation: You have sharp fingernails. [potion of beneficial mutation]
  5063 | D:5      | Gained mutation: Your system is resistant to poisons. [potion of beneficial mutation]
  5901 | D:6      | Reached XP level 8. HP: 61/61 MP: 14/14
  5973 | D:6      | Acquired Vehumet's first power
  5973 | D:6      | Offered knowledge of Shock by Vehumet.
  5980 | D:6      | Learned a level 1 spell: Shock
  6348 | D:6      | Reached skill level 1 in Conjurations
  6479 | D:6      | Noticed Grinder
  6482 | D:6      | Paralysed by Grinder for 6 turns
  6499 | D:6      | Paralysed by Grinder for 7 turns
  6812 | D:6      | Reached skill level 5 in Spellcasting
  7244 | D:6      | Found a sparkling altar of Nemelex Xobeh.
  7435 | D:6      | Paralysed by Grinder for 2 turns
  7441 | D:6      | Paralysed by Grinder for 7 turns
  7462 | D:6      | Killed Grinder
  7839 | D:7      | Found a radiant altar of Vehumet.
  7843 | D:7      | Offered knowledge of Searing Ray by Vehumet.
  7843 | D:7      | Reached skill level 6 in Spellcasting
  7847 | D:7      | Learned a level 2 spell: Searing Ray
  8159 | D:7      | Reached XP level 9. HP: 55/66 MP: 18/18
  8342 | D:7      | Found Ryas's Antique Armour Shop.
  8350 | D:7      | Bought a shiny helmet for 126 gold pieces
  8724 | D:8      | Found a staircase to the Lair.
  8725 | D:8      | Noticed a fire drake
  8734 | D:8      | Killed a fire drake
  8734 | D:8      | Reached skill level 7 in Spellcasting
  8892 | D:8      | Found Foatuts's Antique Weapon Boutique.
  9042 | D:8      | Offered knowledge of Mephitic Cloud by Vehumet.
  9131 | D:8      | Learned a level 3 spell: Mephitic Cloud
  9238 | D:8      | Reached skill level 8 in Spellcasting
  9373 | D:8      | Acquired Vehumet's second power
  9383 | D:8      | Got a crystal quarterstaff
  9391 | D:8      | Identified the cursed +1 quarterstaff "Demonslayer" {freeze, +Rage rPois Dex-4} (You found it on level 8 of the Dungeon)
  9489 | D:8      | Reached skill level 5 in Conjurations
 10113 | D:8      | Noticed a gargoyle
 10137 | D:8      | Slain by a gargoyle

Vault maps used:
D:1:      dpeg_arrival_line_fractal
D:2:      grunt_decor_fettered, uniq_sigmund, uniq_crazy_yiuf_cottage,
          uniq_jessica
D:4:      minivault_19, minmay_unequal, uniq_natasha
D:5:      minmay_temple_entry_statues_pillars, first_bread, nrook_pool_corridor,
          minmay_mini_ossuary
D:6:      kennysheep_mini, uniq_grinder
D:7:      serial_shops, shop, vehumet_altar_wand_db
D:8:      minmay_lair_entry_lava, serial_shops, shop,
          hangedman_little_slice_of_home
Temple:   grunt_circular_temple_18

Action                   |  1- 3 |  4- 6 |  7- 9 || total
-------------------------+-------+-------+-------++-------
Melee: Whip              |    23 |   199 |   368 ||   590
       Flail             |       |       |    28 ||    28
 Fire: Shortbow          |    45 |    28 |       ||    73
       Hand crossbow     |       |       |   147 ||   147
Throw: Throwing net      |     1 |       |     6 ||     7
 Cast: Shock             |       |       |   164 ||   164
       Searing Ray       |       |       |    34 ||    34
       Mephitic Cloud    |       |       |     3 ||     3
Evoke: Wand              |       |       |     7 ||     7
  Use: Scroll            |     5 |     6 |    16 ||    27
       Potion            |     1 |     1 |     9 ||    11
 Stab: Sleeping          |       |       |     3 ||     3
  Eat: Chunk             |       |     9 |    15 ||    24
       Fruit             |       |       |     4 ||     4
       Royal jelly       |       |       |     1 ||     1
       Beef jerky        |       |       |     3 ||     3
